 Dungeon Crawl Stone Soup version 0.19.1 (webtiles) character file.

400978 Mefis the Sorcerer (level 22, -7/172 HPs)
             Began as a Deep Elf Wizard on Dec 24, 2016.
             Was an Elder of Sif Muna.
             Mangled by a reaper
             ... wielding a +5 scythe of venom
             ... summoned by a lich
              (24 damage)
             ... on level 4 of the Vaults on Dec 26, 2016.
             The game lasted 06:22:37 (70608 turns).

Mefis the Sorcerer (Deep Elf Wizard)               Turns: 70608, Time: 06:22:38

Health: -7/172     AC: 46    Str:  4    XL:     22   Next: 28%
Magic:  21/73      EV: 17    Int: 38    God:    Sif Muna [****..]
Gold:   1338       SH: 11    Dex: 13    Spells: 12 memorised, 1 level left

rFire  . . .     SeeInvis +     b - staff of power
rCold  . . .     Gourm    .     (armour currently unavailable)
rNeg   + . .     Faith    .     j - +3 buckler {AC+3}
rPois  ∞         Spirit   .     t - +1 helmet {SInv}
rElec  +         Reflect  +     N - +2 cloak {+Inv}
rCorr  .         Harm     .     (gloves currently unavailable)
MR     ++...                    (boots currently unavailable)
Stlth  ++........               x - amulet of Xom's Best Wishes {Reflect Int+4 SH+3 SInv}
                                k - ring of magical power
                                W - +5 ring of protection

@: about to teleport, statue-form, death channel (expiring), contaminated,
hasted, glowing, deflect missiles, invisible (but backlit and visible), divine
energy, quick
A: no striking features
a: End Transformation, Stop Divine Energy, Channel Magic, Forget Spell, Renounce
Religion, Turn Visible
}: 2/15 runes: barnacled, gossamer


You were on level 4 of the Vaults.
You worshipped Sif Muna.
Sif Muna was greatly pleased with you.
You were not hungry.
You were a stone statue.
You visited 8 branches of the dungeon, and saw 39 of its levels.
You visited the Abyss 1 time.

You collected 4527 gold pieces.
You spent 3189 gold pieces at shops.

Inventory:

Armour
 f - a +2 robe of the Archmagi (melded)
 j - a +3 buckler of protection (worn)
 t - a +1 helmet of see invisible (worn)
 B - a +2 pair of gloves of archery (melded)
 N - a +2 cloak of invisibility (worn)
 O - a +0 pair of boots of flying (melded)
Magical Staves
 a - an uncursed staff of cold
 b - an uncursed staff of power (weapon)
Rods
 c - a +9 rod of shadows (17/17)
   (You found it on level 11 of the Dungeon)
Jewellery
 k - a ring of magical power (right hand)
 v - an uncursed ring of protection from fire
 x - the amulet of Xom's Best Wishes (around neck) {Reflect Int+4 SH+3 SInv}
   (You bought it in a shop on level 4 of the Vaults)

   [amulet of reflection]

   It shields you and reflects attacks.
   It affects your intelligence (+4).
   It lets you see invisible.
   It affects your SH (+3).
 I - a ring of the Octopus King {rC+ AC+1 EV+1 Str+1 Int+1 Dex+1}
   (You took it off a deep elf annihilator on level 3 of the Elven Halls)

   [ring of protection from cold]

   It affects your AC (+1).
   It affects your evasion (+1).
   It affects your strength (+1).
   It affects your intelligence (+1).
   It affects your dexterity (+1).
   It protects you from cold.
 W - a +5 ring of protection (left hand)
Wands
 e - a wand of disintegration (9/24)
 V - a wand of acid (6/15)
Scrolls
 g - 3 scrolls of fear
 h - a scroll of blinking
 m - 3 scrolls of summoning
 q - 18 scrolls of remove curse
 s - 3 scrolls of holy word
 u - 5 scrolls of magic mapping
 J - 6 scrolls of fog
 T - 13 scrolls of teleportation
Potions
 i - 2 potions of resistance
 l - 8 potions of curing
 n - 6 potions of magic
 o - 2 potions of cancellation
 p - 5 potions of brilliance
 y - a potion of invisibility
 D - 10 potions of agility
 E - 2 potions of haste
 L - 5 potions of heal wounds
Miscellaneous
 F - a phial of floods
 K - a fan of gales
 Q - 2 boxes of beasts
 R - a disc of storms
 S - a lamp of fire
Comestibles
 r - 11 meat rations
 G - 3 royal jellies
 H - 29 fruits
 Y - 15 slices of pizza
 Z - 7 beef jerkies


   Skills:
 + Level 12.3 Fighting
   Level 3.3 Short Blades
 - Level 8.7 Dodging
 - Level 8.2 Stealth
 - Level 5.4 Shields
 + Level 21.0 Spellcasting
 + Level 14.8 Conjurations
   Level 6.5 Hexes
 - Level 8.7 Charms
 - Level 5.7 Summonings
 + Level 12.6 Necromancy
 - Level 5.3 Translocations
 + Level 7.9 Transmutations
 + Level 14.2 Ice Magic
 - Level 5.9 Air Magic
 + Level 13.8 Earth Magic
   Level 8.2 Poison Magic
 - Level 9.0 Invocations
 - Level 14.7 Evocations


You had one spell level left.
You knew the following spells:

 Your Spells              Type           Power        Failure   Level  Hunger
a - Bolt of Cold          Conj/Ice       ########..   1%          6    None
b - Summon Butterflies    Summ           ######..     1%          1    None
d - Orb of Destruction    Conj           ########..   1%          7    None
f - Conjure Ball Lightni  Conj/Air       #######...   1%          6    None
i - Statue Form           Tmut/Erth      #######..    1%          6    None
m - Spellforged Servitor  Conj/Summ      #######...   10%         7    None
n - Death Channel         Necr           #######...   1%          6    None
o - Shroud of Golubria    Chrm/Tloc      #######...   1%          2    None
p - Regeneration          Chrm/Necr      #######...   1%          3    None
q - Freezing Cloud        Conj/Ice/Air   #######...   1%          6    None
s - Iron Shot             Conj/Erth      #######...   1%          6    None
u - Deflect Missiles      Chrm/Air       #######...   6%          6    None


Dungeon Overview and Level Annotations

Branches:
Dungeon (14/15)            Temple (1/1) D:7            Lair (6/6) D:11
 Shoals (4/4) Lair:3       Spider (4/4) Lair:4        Slime (0/5) Lair:6
    Orc (2/2) D:10            Elf (3/3) Orc:2        Vaults (5/5) D:14
  Crypt (0/3) Vaults:2

Altars:
Ashenzari
Cheibriados
Dithmenos
Elyvilon
Fedhas
Gozag
Hepliaklqana
Kikubaaqudgha
Makhleb
Nemelex Xobeh
Okawaru
Qazlal
Ru
Sif Muna
Trog
Uskayaw
Vehumet
Xom
Yredelemnul
Zin
The Shining One
Beogh

Shops:
D:11 *?   Orc:2 !%:(   Shoals:2 [   Vaults:3 (   Vaults:4 =*([:

Portals:
Pandemonium: Orc:2

Annotations:
D:3 Grinder
Vaults:4 3000 shield


Message History

As you read the scroll of blinking, it crumbles to dust.
Your skin is crawling a little less now.
Your skin stops crawling.
A lich comes into view.
The lich shouts!
The lich mumbles some strange words.
The golden dragon breathes fire at you. The bolt of fire hits you!
* * * LOW HITPOINT WARNING * * *
The lich mumbles some strange words.
The lich flickers and vanishes for a moment.
As you read the scroll of teleportation, it crumbles to dust.
You feel strangely unstable.
Your unholy channel is weakening.
The reaper misses you. The lich casts a spell at you.
The lance of force misses you.
The lich mumbles some strange words.
The reaper hits you from afar with a scythe of venom!!
You die...

...........#.....................
#.∩.#.>....#.....###############.
...........#.....#.#..'...#..#.#.
..#........#.D...##'#########'##.
...........#.....#.#..#...#..#())
...^.......#.....#.#..#.8.#..#[#)
...........#.....#####'...###'##.
######'#####..22.#.#..#...#..#.#.
..# #...# #...L.8#.#..#...#..#.#.
..###8.8###......#.#..#...#..#.#.
..#.8...8.#......##'###...'#####.
..#.......'......#.#..#.8.#..#.#.
..#.8...8.#......#.#..#...#..#.#.
..###8.8###......##'#########'##.
..# #...# #......#.#..#...'..#.#.
..####'######(...####'##########.
............#......[.............


You could see a golden dragon, a hell beast, a lich (invisible) and a reaper.

Vanquished Creatures
  Jorgrun (Shoals:3)
  A lich (Vaults:4)
  A deep elf master archer (Elf:3)
  A deep elf blademaster (Elf:3)
  2 sphinxes
  A shadow dragon (Vaults:3)
  A kraken (Shoals:4)
  Ilsuiw (Shoals:4)
  Kirke (D:14)
  2 frost giants
  Roxanne (Shoals:3)
  A tengu reaver (Vaults:4)
  The ghost of Scuka the Crack Shot, a journeyman CeHu of Okawaru (Shoals:1)
  3 fire giants
  6 deep elf sorcerers
  7 vault wardens
  2 ghost moths (Spider:4)
  Aizul (Elf:1)
  9 emperor scorpions
  4 deep elf elementalists (Elf:3)
  A very ugly thing (Vaults:5)
  2 stone giants
  5 entropy weavers
  15 ironheart preservers
  13 deep elf annihilators
  Azrael (Orc:2)
  4 deep elf demonologists
  A spark wasp (Spider:4)
  8 deep elf death magi
  8 merfolk javelineers
  4 fire dragons
  11 yaktaur captains
  7 merfolk impalers
  3 ettins
  4 deep elf high priests
  2 great orbs of eyes
  5 hydras
  2 ice dragons
  A rakshasa (Vaults:2)
  2 merfolk avatars
  25 vault guards
  The ghost of NNNN the Grappler, a novice TrMo (D:10)
  An alligator snapping turtle (Shoals:4)
  9 ogre magi
  6 merfolk aquamancers
  The ghost of Fartwhistle the Protected, a journeyman FoFi of Qazlal (D:9)
  15 centaur warriors
  22 dancing weapons
  2 catoblepae
  A queen ant (Spider:4)
  3 deep troll earth magi
  9 death yaks (Lair:6)
  4 deep troll shamans
  5 orc high priests (Orc:2)
  28 deep elf knights
  A wretched star (Abyss:5)
  13 skeletal warriors (Vaults:2)
  2 shadow wraiths
  A sixfirhy (Orc:2)
  An infernal demonspawn (Orc:2)
  15 sea snakes
  3 unseen horrors
  3 glowing orange brains
  2 gelid demonspawn (Orc:2)
  17 deep elf archers
  The ghost of Fartwhistle the Ruffian, a novice TrMo of Xom (D:6)
  20 deep trolls
  Pikel (D:7)
  A lindwurm (Lair:6)
  3 wizards (Vaults:3)
  16 ironbrand convokers
  4 hill giants
  12 harpies
  A necromancer (D:14)
  16 orb spiders
  92 deep elf magi
  16 orc knights
  28 wolf spiders
  18 manticores
  7 fauns
  A sphinx skeleton (Vaults:2)
  10 orc sorcerers
  10 cyclopes
  27 ugly things
  3 moths of wrath
  9 sirens
  A stone giant skeleton (Vaults:2)
  14 vault sentinels
  5 black mambas
  15 elephants
  4 water nymphs
  8 spiny frogs
  A smoke demon (Abyss:5)
  A spiny frog (shapeshifter) (Vaults:4)
  2 orc skeletons (Vaults:2)
  4 freezing wraiths
  3 torpor snails
  10 rime drakes
  An ice devil (Orc:2)
  11 komodo dragons
  A yaktaur (shapeshifter) (Vaults:1)
  17 demonic crawlers
  36 yaktaurs
  7 trolls
  2 yaktaur skeletons (Vaults:2)
  38 merfolk
  34 jumping spiders
  2 large abominations (Abyss:5)
  5 wind drakes
  2 polar bears
  18 hornets
  11 hippogriffs
  12 two-headed ogres
  A frost giant simulacrum (Vaults:5)
  13 dream sheep
  33 blink frogs
  24 slime creatures
  5 snapping turtles
  A hippogriff (shapeshifter) (Vaults:2)
  Sigmund (D:3)
  43 yaks
  4 air elementals
  77 redbacks
  30 tarantellas
  An ettin skeleton (Vaults:2)
  19 water elementals
  9 fire elementals
  4 wyverns
  4 wraiths
  5 wargs
  A steam dragon (Lair:2)
  3 hungry ghosts
  2 hogs (D:14)
  8 vampire mosquitoes
  5 basilisks
  A yaktaur simulacrum (Vaults:3)
  2 mottled dragons (Lair:6)
  A steam dragon (shapeshifter) (Vaults:2)
  16 soldier ants (Spider:4)
  5 hell hounds
  12 water moccasins
  Duvessa (D:5)
  10 porcupines
  A floating eye (shapeshifter) (Vaults:4)
  A swamp drake (shapeshifter) (D:13)
  A swamp drake (Lair:6)
  3 ice beasts
  40 orc warriors
  A black bear (D:10)
  A phantom (D:9)
  3 sky beasts
  3 small abominations
  An elf skeleton (Vaults:2)
  38 ogres
  9 wolves
  A boggart (Vaults:1)
  24 crocodiles
  23 centaurs
  3 human skeletons (Vaults:2)
  21 bullfrogs
  5 big kobolds
  3 earth elementals
  A water moccasin zombie (D:7)
  5 scorpions
  Dowan (D:5)
  2 wyvern skeletons (D:9)
  9 wights
  15 killer bees
  An electric eel (Spider:4)
  2 elf simulacra
  A howler monkey (D:6)
  A bullfrog zombie (D:12)
  4 centaur zombies
  7 crimson imps
  6 jellies
  3 hounds
  34 orc priests
  5 centaur skeletons
  Jessica (D:2)
  A bullfrog skeleton (D:5)
  An iguana (Lair:6)
  24 orc wizards
  28 worker ants
  2 hell rats (D:11)
  A hound skeleton (D:8)
  A worker ant zombie (D:7)
  10 gnolls
  2 howler monkey skeletons
  3 river rats
  15 adders
  5 shadow imps
  2 adder skeletons
  5 worms
  A dart slug (D:4)
  5 leopard geckos
  121 orcs
  3 ball pythons
  3 giant cockroaches
  10 goblins
  6 hobgoblins
  13 jackals
  8 quokkas
  7 bats
  2 frilled lizards
  11 kobolds
  A leopard gecko zombie (D:6)
  A quokka skeleton (D:4)
  A quokka zombie (D:5)
  6 rats
  2 fungi
  12 plants
1831 creatures vanquished.

Vanquished Creatures (collateral kills)
  A deep elf blademaster (Elf:2)
  A vault warden (Vaults:2)
  A frost giant (Vaults:2)
  A deep elf annihilator (Elf:3)
  A vault guard (Vaults:5)
  Erolcha (D:9)
  A hydra (Lair:6)
  A merfolk avatar (Shoals:4)
  An alligator snapping turtle (Shoals:4)
  3 dancing weapons (Elf:2)
  A deep elf knight (Elf:2)
  2 skeletal warriors (Vaults:2)
  A hill giant (D:13)
  An unseen horror (D:13)
  A necromancer (Vaults:2)
  An oklob plant (Lair:5)
  3 ugly things (Vaults:2)
  5 deep elf magi
  Maurice (D:8)
  A spiny frog (Lair:5)
  A yaktaur (Vaults:2)
  A merfolk (Shoals:4)
  A two-headed ogre (D:13)
  2 dream sheep (D:13)
  An air elemental (Elf:3)
  3 vampire mosquitoes (D:13)
  A water moccasin (Lair:5)
  An ice beast (D:5)
  A sky beast (D:9)
  A centaur (D:14)
  A big kobold (D:3)
  A bullfrog (D:6)
  2 killer bees (D:12)
  A crimson imp (D:13)
  3 orc priests
  An iguana (Lair:6)
  2 orc wizards (D:4)
  An adder (D:2)
  2 worms (D:2)
  7 orcs
  A giant cockroach (D:2)
  2 hobgoblins (D:2)
  5 kobolds
  A rat (D:2)
  3 fungi
  2 plants (Lair:6)
77 creatures vanquished.

Vanquished Creatures (others)
  A deep elf mage (D:14)
  A human (D:14)
  A dancing weapon (D:13)
  A water elemental (Elf:1)
  A water moccasin (D:7)
  A slave (D:7)
  An ogre (Vaults:2)
  A centaur (D:14)
  A bullfrog (D:11)
  A killer bee (D:12)
  A worker ant (D:7)
  8 ball lightnings (Vaults:5)
  25 fungi
  34 plants
  2 snaplasher vines
  4 starspawn tentacles (Abyss:4)
  8 tentacles (Shoals:4)
92 creatures vanquished.

Grand Total: 2000 creatures vanquished

Notes
Turn   | Place    | Note
-------+----------+-------------------------------------------
     0 | D:1      | Mefis the Deep Elf Wizard began the quest for the Orb.
     0 | D:1      | Reached XP level 1. HP: 10/10 MP: 7/7
     6 | D:1      | Noticed a wyvern
     6 | D:1      | Noticed a polar bear
     6 | D:1      | Noticed a worker ant
   277 | D:1      | Reached XP level 2. HP: 15/15 MP: 6/9
   284 | D:1      | Learned a level 2 spell: Call Imp
   287 | D:1      | Learned a level 2 spell: Blink
   290 | D:1      | Learned a level 2 spell: Repel Missiles
   640 | D:2      | Reached XP level 3. HP: 13/19 MP: 1/11
   645 | D:2      | Learned a level 3 spell: Mephitic Cloud
   854 | D:2      | Reached skill level 1 in Short Blades
   854 | D:2      | Reached skill level 5 in Spellcasting
   974 | D:2      | Noticed Jessica
   992 | D:2      | Killed Jessica
   992 | D:2      | Reached XP level 4. HP: 24/24 MP: 1/13
  1747 | D:3      | Learned a level 3 spell: Conjure Flame
  1954 | D:3      | Noticed Sigmund
  2285 | D:3      | Noticed Grinder
  2616 | D:3      | Killed Sigmund
  2616 | D:3      | Reached skill level 1 in Fighting
  2616 | D:3      | Reached skill level 6 in Spellcasting
  2616 | D:3      | Reached skill level 1 in Poison Magic
  2616 | D:3      | Reached XP level 5. HP: 25/29 MP: 4/15
  3125 | D:3      | Reached XP level 6. HP: 34/34 MP: 6/17
  3148 | D:3      | Reached skill level 1 in Air Magic
  3560 | D:4      | Reached skill level 1 in Shields
  3923 | D:4      | Reached XP level 7. HP: 29/39 MP: 3/18
  3967 | D:4      | Learned a level 2 spell: Slow
  4662 | D:5      | Entered Level 5 of the Dungeon
  4663 | D:5      | Noticed Dowan
  4673 | D:5      | Noticed Duvessa
  4862 | D:5      | Killed Dowan
  5004 | D:5      | Reached skill level 1 in Hexes
  5235 | D:5      | Killed Duvessa
  5341 | D:5      | Learned a level 3 spell: Dazzling Spray
  5386 | D:5      | Reached skill level 7 in Spellcasting
  5647 | D:5      | Reached XP level 8. HP: 40/44 MP: 8/20
  6373 | D:5      | HP: 2/45 [poisoned by a killer bee]
  6821 | D:5      | Reached skill level 5 in Stealth
  6821 | D:5      | Reached skill level 8 in Spellcasting
  7057 | D:6      | Noticed Fartwhistle's ghost (novice TrMo)
  7534 | D:6      | Learned a level 3 spell: Tukima's Dance
  7537 | D:6      | Learned a level 2 spell: Ensorcelled Hibernation
  7937 | D:7      | Reached XP level 9. HP: 49/49 MP: 11/23
  8443 | D:7      | Reached skill level 5 in Dodging
  8600 | D:7      | Reached skill level 1 in Ice Magic
  8789 | D:7      | Found a staircase to the Ecumenical Temple.
  8798 | Temple   | Entered the Ecumenical Temple
  8904 | Temple   | Became a worshipper of Sif Muna the Loreminder
  8989 | D:7      | Noticed Pikel
  9006 | D:7      | Killed Pikel
  9006 | D:7      | Reached skill level 9 in Spellcasting
  9006 | D:7      | Reached skill level 1 in Invocations
  9188 | D:7      | Reached skill level 1 in Evocations
  9466 | D:8      | Noticed Maurice
 10274 | D:8      | Reached * piety under Sif Muna
 10369 | D:8      | Reached XP level 10. HP: 56/56 MP: 8/25
 10601 | D:8      | Killed Maurice
 10972 | D:8      | Reached skill level 5 in Conjurations
 11500 | D:9      | Reached skill level 10 in Spellcasting
 11803 | D:9      | Reached skill level 5 in Hexes
 12171 | D:9      | Identified a scroll of acquirement
 12178 | D:9      | Got a coiled crystal amulet
 12179 | D:9      | Identified the amulet of Ceheeb {Gourm Str-3 Int+3} (You acquired it on level 9 of the Dungeon)
 12206 | D:9      | Noticed Fartwhistle's ghost (journeyman FoFi)
 12236 | D:9      | Killed Fartwhistle's ghost
 12236 | D:9      | Reached skill level 5 in Air Magic
 12812 | D:8      | Learned a level 3 spell: Confuse
 13079 | D:9      | Reached ** piety under Sif Muna
 13818 | D:9      | Noticed Erolcha
 13830 | D:9      | Killed Erolcha
 13968 | D:10     | Entered Level 10 of the Dungeon
 14029 | D:10     | Reached XP level 11. HP: 59/60 MP: 8/27
 14161 | D:10     | Found a staircase to the Orcish Mines.
 15141 | D:10     | Noticed NNNN's ghost (novice TrMo)
 15258 | D:10     | Killed NNNN's ghost
 15258 | D:10     | Reached skill level 11 in Spellcasting
 15881 | D:11     | Found Aro Bom's Assorted Antiques.
 15890 | D:11     | Found a hide-covered altar of Uskayaw.
 15901 | D:11     | Bought a pair of runed gloves for 304 gold pieces
 15906 | D:11     | Bought a scroll of enchant armour for 217 gold pieces
 15906 | D:11     | Bought a scroll of identify for 58 gold pieces
 15946 | D:11     | Noticed a hill giant
 15958 | D:11     | Killed a hill giant
 15958 | D:11     | Reached *** piety under Sif Muna
 16073 | D:11     | Found Dyubiqee's Magic Scroll Boutique.
 16192 | D:11     | Identified a +0 rod of shadows (13/13) (You found it on level 11 of the Dungeon)
 16440 | D:11     | Bought a scroll of identify for 26 gold pieces
 16440 | D:11     | Bought a scroll of identify for 26 gold pieces
 16451 | D:11     | Found a staircase to the Lair.
 16653 | D:11     | Got a fine copper amulet
 16970 | D:11     | Identified the amulet "Rurpheamez" {RegenMP +Blink rC- Int+4} (You found it on level 11 of the Dungeon)
 17013 | Lair:1   | Entered Level 1 of the Lair of Beasts
 17641 | D:12     | Noticed a hill giant
 18115 | D:12     | Reached skill level 12 in Spellcasting
 18179 | D:12     | Noticed a cyan ugly thing
 18204 | D:12     | Killed a cyan ugly thing
 18204 | D:12     | Reached **** piety under Sif Muna
 18307 | D:12     | You fall through a shaft!
 18332 | D:13     | Reached XP level 12. HP: 60/67 MP: 17/30
 18454 | D:13     | Reached skill level 5 in Evocations
 18627 | D:12     | Learned a level 3 spell: Stone Arrow
 18942 | D:12     | Reached skill level 1 in Earth Magic
 19652 | D:13     | Reached skill level 5 in Fighting
 19652 | D:13     | Reached skill level 5 in Invocations
 20007 | D:13     | Noticed a three-headed hydra
 20039 | D:13     | Killed a three-headed hydra
 20265 | D:13     | Learned a level 5 spell: Venom Bolt
 20445 | D:14     | Noticed a centaur warrior
 20450 | D:14     | Noticed Kirke
 20773 | D:14     | Noticed a catoblepas
 20777 | D:14     | Noticed a centaur warrior
 20856 | D:14     | Noticed a centaur warrior
 20885 | D:13     | Killed a catoblepas
 20949 | D:13     | Killed a centaur warrior
 21215 | D:14     | Noticed a centaur warrior
 21215 | D:14     | Killed a centaur warrior
 21215 | D:14     | Reached ***** piety under Sif Muna
 21222 | D:14     | Killed a centaur warrior
 21248 | D:14     | Noticed a centaur warrior
 21425 | D:14     | Killed a centaur warrior
 21425 | D:14     | Identified Sif Muna's Compendium of Attacks (Sif Muna gifted it to you on level 14 of the Dungeon)
 21425 | D:14     | Received a gift from Sif Muna
 21521 | D:13     | Learned a level 5 spell: Summon Forest
 21523 | D:13     | Learned a level 1 spell: Sting
 21530 | D:13     | Learned a level 4 spell: Olgreb's Toxic Radiance
 21533 | D:13     | Learned a level 2 spell: Corpse Rot
 21539 | D:13     | Noticed a centaur warrior
 21545 | D:13     | Killed a centaur warrior
 21665 | Lair:1   | Reached skill level 5 in Shields
 21665 | Lair:1   | Reached XP level 13. HP: 73/73 MP: 30/31
 21815 | Lair:1   | Reached skill level 13 in Spellcasting
 22018 | Lair:1   | Reached skill level 5 in Summonings
 24040 | Lair:3   | Found a staircase to the Shoals.
 24901 | Lair:4   | Reached skill level 5 in Translocations
 25071 | Lair:4   | Learned a level 6 spell: Poisonous Cloud
 25080 | Lair:4   | Learned a level 6 spell: Iron Shot
 25431 | Lair:4   | Found a hole to the Spider Nest.
 25686 | Lair:4   | Reached skill level 5 in Poison Magic
 26836 | Lair:5   | You fall through a shaft!
 26836 | Lair:6   | Entered Level 6 of the Lair of Beasts
 27203 | Lair:5   | Reached skill level 1 in Charms
 27211 | Lair:5   | Reached skill level 14 in Spellcasting
 27905 | Lair:6   | Reached XP level 14. HP: 55/80 MP: 11/34
 28601 | Lair:6   | Reached skill level 5 in Earth Magic
 29531 | Lair:6   | Found a staircase to the Slime Pits.
 30505 | Lair:6   | Identified Sif Muna's Grimoire of Orientation (Sif Muna gifted it to you on level 6 of the Lair of Beasts)
 30505 | Lair:6   | Received a gift from Sif Muna
 31357 | Lair:6   | Reached skill level 15 in Spellcasting
 31771 | Lair:6   | Reached skill level 5 in Charms
 32043 | Lair:2   | Got a jewelled cloak
 32070 | Lair:2   | Identified the +0 cloak of the Old World {rC- rN+ Int+4 Stlth+} (You found it on level 2 of the Lair of Beasts)
 32452 | D:6      | Killed Fartwhistle's ghost
 32554 | Lair:1   | Learned a level 6 spell: Deflect Missiles
 32618 | Orc:1    | Entered Level 1 of the Orcish Mines
 32944 | Orc:1    | Found a roughly hewn altar of Beogh.
 33161 | Orc:2    | Entered Level 2 of the Orcish Mines
 33173 | Orc:2    | Noticed Azrael
 33337 | Orc:2    | Killed Azrael
 33457 | Orc:2    | Found a staircase to the Elven Halls.
 33541 | Orc:2    | Reached XP level 15. HP: 85/85 MP: 19/36
 33967 | Orc:2    | Found Riec Bofia's Distillery.
 33968 | Orc:2    | Found Axigub's Food Shop.
 35267 | Orc:2    | Found Wusanoim's Antique Weapon Shoppe.
 35267 | Orc:2    | Found a one-way gate leading to the halls of Pandemonium.
 35267 | Orc:2    | Found Biyfuh's Book Emporium.
 35287 | Orc:2    | Bought an ancient rapier for 189 gold pieces
 35287 | Orc:2    | Identified the +4 rapier of Summer {pierce, rPois MP+9 Int-3} (You bought it in a shop on level 2 of the Orcish Mines)
 35347 | Elf:1    | Entered Level 1 of the Elven Halls
 35442 | Lair:1   | Learned a level 6 spell: Poison Arrow
 35547 | Spider:1 | Entered Level 1 of the Spider Nest
 35958 | Elf:1    | Noticed Aizul
 36560 | Elf:1    | Reached skill level 16 in Spellcasting
 37828 | Elf:1    | Identified Iquzoucw's Guide on Calling
 37835 | Elf:1    | Learned a level 1 spell: Summon Butterflies
 38027 | Elf:1    | Reached XP level 16. HP: 92/92 MP: 29/38
 38212 | Elf:1    | Killed Aizul
 38419 | Elf:2    | Found a runed gate.
 38668 | Elf:2    | Found a runed gate.
 38669 | Elf:2    | Found a runed gate.
 38764 | Elf:2    | Reached skill level 10 in Conjurations
 38772 | Elf:2    | Reached skill level 10 in Evocations
 39200 | Elf:3    | Entered Level 3 of the Elven Halls
 39374 | Elf:3    | Identified Fewoin's Almanac of Hurtful Darkness (Sif Muna gifted it to you on level 3 of the Elven Halls)
 39374 | Elf:3    | Received a gift from Sif Muna
 39383 | Elf:3    | Learned a level 3 spell: Regeneration
 40016 | Elf:3    | Reached skill level 1 in Necromancy
 40073 | Elf:3    | Reached skill level 17 in Spellcasting
 40704 | Elf:2    | Noticed a deep elf blademaster
 40706 | Elf:2    | Killed a deep elf blademaster
 41901 | Elf:3    | Noticed a deep elf blademaster
 41920 | Elf:3    | Killed a deep elf blademaster
 42088 | Elf:3    | Reached XP level 17. HP: 100/100 MP: 25/40
 42147 | Elf:3    | Got a smoking bronze amulet
 42150 | Elf:3    | Identified the amulet "Esarhiw" {Faith -Tele rPois rF+ rN+} (You took it off a deep elf demonologist on level 3 of the Elven Halls)
 42385 | Elf:3    | Received a gift from Sif Muna
 42847 | Elf:3    | Got a ring of the Octopus King
 42854 | Elf:3    | Identified a ring of the Octopus King {rC+ AC+1 EV+1 Str+1 Int+1 Dex+1} (You took it off a deep elf annihilator on level 3 of the Elven Halls)
 42890 | Elf:3    | Cast into level 3 of the Abyss (a deep elf demonologist)
 42961 | Abyss:4  | Found a stormy altar of Qazlal.
 43044 | Abyss:5  | Entered Level 5 of the Abyss
 43044 | Abyss:5  | Found a corrupted altar of Lugonu.
 43064 | Abyss:5  | Noticed a Hell Sentinel
 43188 | Abyss:5  | Reached skill level 5 in Necromancy
 43306 | Elf:3    | Escaped the Abyss
 43373 | Elf:3    | Noticed a deep elf master archer
 43375 | Elf:3    | Noticed an Ice Fiend
 43401 | Elf:3    | Killed a deep elf master archer
 43403 | Elf:3    | Reached skill level 18 in Spellcasting
 43864 | Elf:3    | Got a bound golden ring
 43866 | Elf:3    | Identified the cursed ring "But Luq" {rC++ rN+ MR- Str-3} (You took it off a deep elf mage on level 3 of the Elven Halls)
 44383 | Elf:3    | Got a smoking ivory ring
 44416 | Elf:3    | Reached skill level 10 in Earth Magic
 44729 | Elf:3    | Got a smoking great sword
 44890 | Elf:3    | Identified the ring "Dilabb" {Ice rPois MR+++ Str-3 Int-3 Stlth+} (You took it off a deep elf mage on level 3 of the Elven Halls)
 45428 | Lair:1   | Learned a level 2 spell: Shroud of Golubria
 46255 | Spider:1 | Reached skill level 5 in Ice Magic
 46490 | Spider:2 | Reached skill level 10 in Fighting
 46650 | Spider:1 | Reached XP level 18. HP: 69/107 MP: 26/42
 47757 | Spider:2 | Got a faintly glowing spear
 47758 | Spider:2 | Lost strength.
 47758 | Spider:2 | Identified the +11 spear "Upleajur" {protect, rF- rN++ Str-3 Int+3} (You found it on level 2 of the Spider Nest)
 47943 | Spider:3 | Identified Sif Muna's Tome of Boosting Combat Magic (Sif Muna gifted it to you on level 3 of the Spider Nest)
 47943 | Spider:3 | Received a gift from Sif Muna
 48907 | Spider:4 | Entered Level 4 of the Spider Nest
 49854 | Spider:4 | Identified Tumesepn's Incunabulum of Unholy Arts (Sif Muna gifted it to you on level 4 of the Spider Nest)
 49854 | Spider:4 | Received a gift from Sif Muna
 51001 | Spider:4 | Got a gossamer rune of Zot
 51088 | Spider:4 | Lost strength.
 51911 | Lair:1   | Learned a level 6 spell: Bolt of Cold
 51920 | Lair:1   | Learned a level 6 spell: Freezing Cloud
 52000 | Shoals:1 | Entered Level 1 of the Shoals
 52031 | Shoals:1 | Noticed Scuka's ghost (journeyman CeHu)
 52050 | Shoals:1 | Killed Scuka's ghost
 52320 | Shoals:1 | Reached skill level 19 in Spellcasting
 52811 | Shoals:2 | Reached XP level 19. HP: 113/113 MP: 44/44
 52885 | Shoals:2 | Found Naulin's Antique Armour Shop.
 52968 | Shoals:2 | You fall through a shaft!
 52983 | Shoals:3 | Noticed Jorgrun
 53089 | Shoals:3 | Killed Jorgrun
 53251 | Shoals:3 | Noticed Roxanne
 53272 | Shoals:3 | Killed Roxanne
 53278 | Shoals:3 | Identified Roxanne's Handbook of Shape Shifting (You took it off Roxanne on level 3 of the Shoals)
 53432 | Shoals:3 | Learned a level 6 spell: Statue Form
 54048 | Shoals:2 | Reached skill level 1 in Transmutations
 55183 | Shoals:4 | Entered Level 4 of the Shoals
 55287 | Shoals:4 | Noticed Ilsuiw
 55298 | Shoals:4 | Killed Ilsuiw
 55595 | Shoals:4 | Reached skill level 10 in Ice Magic
 55679 | Shoals:4 | Identified Sif Muna's Reference Book on Unstable Battle Magic (Sif Muna gifted it to you on level 4 of the Shoals)
 55679 | Shoals:4 | Received a gift from Sif Muna
 56092 | Shoals:4 | Learned a level 7 spell: Orb of Destruction
 57489 | Shoals:4 | Got a barnacled rune of Zot
 58054 | D:14     | Reached skill level 10 in Necromancy
 58089 | D:14     | Killed Kirke
 58540 | D:14     | Found a gate to the Vaults.
 58841 | Vaults:1 | Entered Level 1 of the Vaults
 59001 | Vaults:1 | Reached XP level 20. HP: 120/120 MP: 45/45
 60586 | Vaults:1 | Reached skill level 5 in Transmutations
 61262 | Vaults:2 | Identified Sif Muna's Guide on Shifting Malediction (Sif Muna gifted it to you on level 2 of the Vaults)
 61262 | Vaults:2 | Received a gift from Sif Muna
 61624 | Vaults:2 | Reached skill level 20 in Spellcasting
 62744 | Vaults:2 | Reached XP level 21. HP: 117/126 MP: 3/47
 63608 | Vaults:2 | Identified Sif Muna's Tome of Helpful Darkness (Sif Muna gifted it to you on level 2 of the Vaults)
 63608 | Vaults:2 | Received a gift from Sif Muna
 64009 | Vaults:2 | Found a staircase to the Crypt.
 64385 | Vaults:3 | Found Ipnaugan's Antique Weapon Boutique.
 66504 | Vaults:4 | Identified Sif Muna's Guide on Augmentations (Sif Muna gifted it to you on level 4 of the Vaults)
 66504 | Vaults:4 | Received a gift from Sif Muna
 66709 | Vaults:4 | Learned a level 3 spell: Ozocubu's Armour
 66713 | Vaults:4 | Identified a -2 rod of clouds (9/9) (You took it off a yaktaur on level 3 of the Vaults)
 67094 | Lair:1   | Learned a level 7 spell: Spellforged Servitor
 68215 | Vaults:4 | Found Zabraghae's General Store.
 68219 | Vaults:4 | Bought a scroll of fear for 49 gold pieces
 68219 | Vaults:4 | Bought a scroll of enchant armour for 105 gold pieces
 68219 | Vaults:4 | Bought a potion of curing for 42 gold pieces
 68219 | Vaults:4 | Bought 4 fruits for 84 gold pieces
 68225 | Vaults:4 | Found Sunuon's Jewellery Shoppe.
 68312 | Vaults:4 | Bought the amulet of Xom's Best Wishes {Reflect Int+4 SH+3 SInv} for 892 gold pieces
 68312 | Vaults:4 | Bought an uncursed ring of ice for 500 gold pieces
 68414 | Vaults:4 | Found Uffyph Zega's Weapon Emporium.
 69102 | Vaults:4 | Reached XP level 22. HP: 132/132 MP: 40/48
 69516 | Vaults:4 | Found Duryot's Antique Armour Shop.
 69524 | Vaults:4 | Bought a runed hat for 340 gold pieces
 69524 | Vaults:4 | Bought a pair of glowing boots for 357 gold pieces
 69796 | Vaults:4 | Found Obohul's Book Shoppe.
 69851 | Vaults:5 | Entered Level 5 of the Vaults
 70129 | Lair:1   | Learned a level 6 spell: Statue Form
 70144 | Lair:1   | Learned a level 6 spell: Death Channel
 70152 | Lair:1   | Learned a level 6 spell: Conjure Ball Lightning
 70575 | Vaults:5 | Noticed a golden dragon
 70587 | Vaults:5 | Reached skill level 21 in Spellcasting
 70608 | Vaults:4 | Mangled by a reaper

Skill      XL: |  1  2  3  4  5  6  7  8  9 10 11 12 13 14 15 16 17 18 19 20 21 22 |
---------------+-------------------------------------------------------------------+-----
Conjurations   | 2 3 4 5 6 7 8 9 10 12 13 14 | 14.8
Short Blades   | 1 2 3 |  3.3
Spellcasting   | 5 6 7 8 9 10 12 14 15 16 17 18 19 20 21 | 21.0
Stealth        | 3 4 5 6 7 8 |  8.2
Fighting       | 1 2 3 4 5 6 7 9 10 11 12 | 12.3
Dodging        | 3 4 5 6 7 8 |  8.7
Poison Magic   | 1 2 3 5 7 8 |  8.2
Air Magic      | 1 2 3 4 5 |  5.9
Shields        | 1 2 3 4 5 |  5.4
Hexes          | 1 3 4 5 6 |  6.5
Ice Magic      | 2 3 4 5 8 10 12 13 14 | 14.2
Invocations    | 1 3 4 5 6 7 8 9 |  9.0
Evocations     | 2 3 4 5 6 8 9 10 11 12 13 14 | 14.7
Summonings     | 4 5 |  5.7
Earth Magic    | 2 4 6 7 9 10 11 12 13 | 13.8
Translocations | 4 5 |  5.3
Charms         | 2 5 8 |  8.7
Necromancy     | 4 7 8 10 11 12 | 12.6
Transmutations | 4 5 7 |  7.9

Action                   |  1- 3 |  4- 6 |  7- 9 | 10-12 | 13-15 | 16-18 | 19-21 | 22-24 || total
-------------------------+-------+-------+-------+-------+-------+-------+-------+-------++-------
Melee: Dagger            |    10 |    40 |    23 |       |       |       |       |       ||    73
       Mace              |       |       |     7 |       |       |       |       |       ||     7
       Short sword       |       |       |    34 |   187 |   109 |     4 |       |       ||   334
       Unarmed           |       |       |       |     4 |       |       |       |       ||     4
       Staff             |       |       |       |       |       |    23 |   154 |    20 ||   197
 Fire: Fustibalus        |       |       |       |       |       |    16 |       |       ||    16
 Cast: Magic Dart        |    47 |   107 |   465 |   528 |       |       |       |       ||  1147
       Blink             |     2 |     2 |     4 |    22 |    15 |     6 |       |       ||    51
       Call Imp          |     3 |    14 |    18 |    10 |       |       |       |       ||    45
       Repel Missiles    |     1 |       |     2 |     1 |     2 |       |       |       ||     6
       Mephitic Cloud    |     3 |    12 |    22 |    37 |       |       |       |       ||    74
       Conjure Flame     |       |     4 |    16 |    83 |       |       |       |       ||   103
       Dazzling Spray    |       |       |    39 |    93 |       |       |       |       ||   132
       Ensorcelled Hiber |       |       |       |    51 |    56 |       |       |       ||   107
       Tukima's Dance    |       |       |       |     6 |       |       |       |       ||     6
       Slow              |       |       |       |    12 |     8 |       |       |       ||    20
       Stone Arrow       |       |       |       |    29 |     9 |       |       |       ||    38
       Venom Bolt        |       |       |       |    20 |   216 |   151 |       |       ||   387
       Sting             |       |       |       |       |    98 |       |       |       ||    98
       Olgreb's Toxic Ra |       |       |       |       |    64 |    25 |       |       ||    89
       Iron Shot         |       |       |       |       |   104 |   137 |   114 |     3 ||   358
       Poisonous Cloud   |       |       |       |       |    57 |    38 |       |       ||    95
       Summon Forest     |       |       |       |       |     6 |     5 |     4 |       ||    15
       Corpse Rot        |       |       |       |       |     3 |       |       |       ||     3
       Deflect Missiles  |       |       |       |       |     3 |     2 |     6 |       ||    11
       Poison Arrow      |       |       |       |       |    25 |   222 |    85 |       ||   332
       Regeneration      |       |       |       |       |       |    10 |     6 |     1 ||    17
       Shroud of Golubri |       |       |       |       |       |    11 |    22 |     1 ||    34
       Bolt of Cold      |       |       |       |       |       |    37 |   452 |     5 ||   494
       Orb of Destructio |       |       |       |       |       |       |    32 |     3 ||    35
       Freezing Cloud    |       |       |       |       |       |       |    93 |     5 ||    98
       Statue Form       |       |       |       |       |       |       |    16 |     1 ||    17
       Summon Butterflie |       |       |       |       |       |       |     1 |       ||     1
       Ozocubu's Armour  |       |       |       |       |       |       |     2 |       ||     2
       Conjure Ball Ligh |       |       |       |       |       |       |       |     2 ||     2
       Spellforged Servi |       |       |       |       |       |       |       |     2 ||     2
       Death Channel     |       |       |       |       |       |       |       |     1 ||     1
Invok: Forget Spell      |       |       |       |     2 |     3 |     4 |     3 |     1 ||    13
       Divine Energy     |       |       |       |     1 |     3 |     7 |     1 |       ||    12
       Stop Divine Energ |       |       |       |     1 |     2 |     8 |       |       ||    11
       Channel Magic     |       |       |       |       |     1 |     3 |     3 |       ||     7
 Abil: Evoke Invisibilit |       |       |       |     2 |     1 |       |     3 |     1 ||     7
       Evoke Flight      |       |       |       |       |     1 |       |       |       ||     1
       Evoke Blink       |       |       |       |       |       |     1 |     7 |       ||     8
Evoke: Wand              |       |       |     7 |    20 |       |     1 |       |       ||    28
       Rod               |       |       |       |    15 |       |    19 |    10 |       ||    44
       Phial of floods   |       |       |       |       |       |     2 |     1 |       ||     3
       Lamp of fire      |       |       |       |       |       |     2 |     1 |       ||     3
       Crystal ball of e |       |       |       |       |       |     1 |     4 |       ||     5
       Box of beasts     |       |       |       |       |       |       |     2 |       ||     2
  Use: Scroll            |       |       |     9 |    27 |    14 |    16 |     5 |     8 ||    79
       Potion            |       |       |     3 |     2 |     1 |     4 |     2 |     1 ||    13
 Stab: Sleeping          |     1 |     1 |     1 |    30 |    42 |     2 |     1 |       ||    78
       Distracted        |       |     2 |       |       |       |       |       |       ||     2
       Confused          |       |       |     1 |     6 |       |       |       |       ||     7
       Invisible         |       |       |       |     5 |       |       |     1 |       ||     6
  Eat: Chunk             |       |     9 |     9 |    41 |    51 |    29 |    53 |     1 ||   193
       Meat ration       |       |       |     1 |     1 |       |       |     1 |     1 ||     4
       Bread ration      |       |       |     1 |     1 |     1 |     5 |       |       ||     8
       Fruit             |       |       |       |     2 |     3 |     1 |     1 |       ||     7
Armor: Robe              |     2 |     3 |    16 |    61 |    57 |   148 |    57 |     2 ||   346
       Skin              |       |       |       |       |       |       |   165 |    46 ||   211
Dodge: Dodged            |    14 |    15 |   138 |   238 |   260 |   305 |   450 |    42 ||  1462
       Deflected         |       |     1 |     9 |     9 |    21 |    27 |    85 |       ||   152
Block: Buckler           |       |       |       |    80 |    89 |   127 |   226 |    41 ||   563
       Reflection        |       |       |       |       |       |       |       |     1 ||     1
